 Dungeon Crawl Stone Soup version 0.29-a0-474-gdfe5cd140f (webtiles) character file.

Game seed: 18085142204230405752

2101 rabbitsville the Reanimator (level 9, -10/111 HPs)
             Began as a Deep Dwarf Necromancer on May 21, 2022.
             Mangled by a two-headed ogre
             ... wielding a +0 dire flail
              (22 damage)
             ... on level 8 of the Dungeon on May 23, 2022.
             The game lasted 00:42:21 (8594 turns).

rabbitsville the Reanimator (DDNe)                  Turns: 8594, Time: 00:42:21

Health: -10/111    AC: 24    Str: 17 (20) XL:     9   Next: 7%
Magic:  14/14      EV:  2    Int: 17 (18) God:
Gold:   354        SH:  5    Dex: 12 (13) Spells: 11/15 levels left

rFire   . . .      SeeInvis .   K - +2 trident (pain)
rCold   . . .      Faith    .   (no shield)
rNeg    . . .      Spirit   .   (body armour currently unavailable)
rPois   +          Reflect  +   (helmet currently unavailable)
rElec   .          Harm     .   (cloak currently unavailable)
rCorr   .          Rampage  .   (gloves currently unavailable)
Will    .....      NoTele   +   (boots currently unavailable)
Stlth   ++........              E - amulet of reflection
HPRegen 0.00/turn               o - +4 ring of protection
MPRegen 0.14/turn               u - +6 ring of strength

@: brilliant, tree-form, weak-willed, corroded, attractive
A: stationary, stasis, torment immunity, boosted hp, damage resistance, heal
wounds, sense surroundings 2, no regeneration
a: Heal Wounds


You were on level 8 of the Dungeon.
You were a tree.
You visited 2 branches of the dungeon, and saw 9 of its levels.

You collected 354 gold pieces.

Inventory:

Hand Weapons
 i - a +0 mace
 x - a +0 hand crossbow
 K - a +2 trident of pain (weapon)
Armour
 a - a +0 robe
 w - the +0 helmet of the Volcano (melded) {Str-4 Int+4 Stlth+}
   (You found it on level 3 of the Dungeon)

   Str:       It affects your strength (-4).
   Int:       It affects your intelligence (+4).
   Stlth:     It makes you more stealthy.
 A - the +4 scale mail of Magic (melded) {Rampage Int+2 Dex-4}
   (You found it on level 3 of the Dungeon)

   Int:       It affects your intelligence (+2).
   Dex:       It affects your dexterity (-4).
   Rampage:   It bestows one free step when moving towards enemies.
Jewellery
 l - a ring of fire
 o - a +4 ring of protection (left branch)
 p - a ring of see invisible
 r - a ring of resist corrosion
 s - a ring of positive energy
 u - a +6 ring of strength (right branch)
 B - a ring of protection from cold
 E - an amulet of reflection (around neck)
 M - a ring of willpower
Wands
 D - a wand of flame (23)
 H - a wand of mindburst (8)
 I - a wand of iceblast (8)
Scrolls
 c - 10 scrolls of identify {unknown}
 g - 2 scrolls of noise
 m - 3 scrolls of fog
 n - 2 scrolls of enchant armour {unknown}
 t - a scroll of silence {unknown}
 v - 2 scrolls of magic mapping
 y - a scroll of summoning {unknown}
 C - a scroll of vulnerability
 F - a scroll of fear {unknown}
 G - 2 scrolls of immolation {unknown}
 J - a scroll of poison {unknown}
 L - a scroll of brand weapon {unknown}
Potions
 d - 2 potions of attraction
 e - 2 potions of degeneration
 f - a potion of brilliance
 h - a potion of ambrosia
 j - 6 potions of lignification
 k - 3 potions of might
 q - 4 potions of curing
 z - a potion of flight


   Skills:
 - Level 2.5 Fighting
 - Level 2.0 Maces & Flails
 - Level 2.3 Polearms
 - Level 3.8 Armour
 - Level 2.1 Dodging
 - Level 2.4 Stealth
 - Level 3.7 Spellcasting
 + Level 3.1 Conjurations
 - Level 9.4 Necromancy
 * Level 3.5 Fire Magic


You had 11 spell levels left.
You knew the following spells:

 Your Spells              Type           Power      Damage    Failure   Level
a - Necrotize             Necr           100%       1d9       1%          1
b - Vampiric Draining     Necr           52%        2d9       1%          3

Your spell library contained the following spells:

 Spells                   Type           Power      Damage    Failure   Level
 Animate Dead             Necr           52%        N/A       3%          4
 Foxfire                  Conj/Fire      84%        2x1d8     4%          1
 Agony                    Necr           52%        N/A       10%         5
 Conjure Flame            Conj/Fire      21%        6-21      13%         3
 Inner Flame              Hex/Fire       13%        N/A       24%         3
 Ignite Poison            Fire/Tmut/Pois 10%        N/A       30%         3
 Flame Wave               Conj/Fire      21%        2d7       38%         4
 Ozocubu's Armour         Ice            4%         N/A       43%         3
 Summon Guardian Golem    Hex/Summ       4%         N/A       43%         3
 Simulacrum               Ice/Necr       14%        N/A       98%         6
 Metabolic Englaciation   Hex/Ice        2%         N/A       99%         5
 Summon Forest            Summ/Tloc      2%         N/A       99%         5
 Summon Mana Viper        Hex/Summ       4%         N/A       99%         5
 Eringya's Noxious Bog    Tmut/Pois      2%         N/A       100%        6
 Summon Cactus Giant      Summ           2%         N/A       100%        6
 Dragon Form              Tmut           2%         N/A       100%        7
 Orb of Destruction       Conj           10%        9d6       100%        7
 Spellforged Servitor     Conj/Summ      6%         N/A       100%        7


Dungeon Overview and Level Annotations

Branches:
Dungeon (8/15)             Temple (1/1) D:4
   Lair: D:8-11

Altars:
Ashenzari
Cheibriados
Dithmenos
Fedhas
Gozag
Hepliaklqana
Kikubaaqudgha
Makhleb
Nemelex Xobeh
Okawaru
Qazlal
Ru
Trog
Uskayaw
Vehumet
Wu Jian
Xom
Yredelemnul
Zin
The Shining One
Beogh

Annotations:
D:6 exclusion: 2 wights
D:7 2 runed translucent doors, exclusions: orc priest and orc warrior, Menkaure


Innate Abilities, Weirdness & Mutations

You are a tree.
Your roots penetrate the ground, keeping you stationary.
You cannot be teleported.
You are immune to unholy pain and torment.
Your maximum health is greatly increased.
Your equipment is partially melded.
You are resistant to damage.
You can heal yourself by infusing magical energy.
You passively map the area around you.
You do not regenerate.


Message History

The splash of acid hits you.
* * * LOW HITPOINT WARNING * * *
The killer bee stings you but does no damage.
An orc comes into view. It is wielding a +0 trident.
The two-headed ogre hits you with a +0 dire flail!
* * * LOW HITPOINT WARNING * * *
The two-headed ogre hits you but does no damage.
The gnoll hits you but does no damage.
A killer bee comes into view.
The gnoll sergeant hits you but does no damage.
The gnoll hits you but does no damage. The orc barely misses you.
The orc hits you from afar with a +0 trident.
* * * LOW HITPOINT WARNING * * *
The killer bee buzzes angrily.
The orc is attracted toward you. The killer bee is attracted toward you.
The orc is attracted toward you.
You are too confused!
You cannot move. (Use ctrl+direction or * direction to attack while stationary and confused.)
You closely miss the acid dragon.
You feel less invigorated.
You feel less confused.
A killer bee comes into view.
The killer bee stings you but does no damage.
The acid dragon bites you!
* * * LOW HITPOINT WARNING * * *
The acid dragon claws you but does no damage.
You block the orc's attack. The gnoll hits you but does no damage.
You block the gnoll's attack.
The gnoll sergeant hits you with a +0 spear.
The gnoll hits you from afar with a +0 spear.
* * * LOW HITPOINT WARNING * * *
The orc hits you but does no damage. The killer bee is attracted toward you.
Reach: K) +2 trident (pain)
Press: ? - help, Dir - move target, f/p - acid dragon
Aim: an acid dragon (catching its breath, about 40% to evade your +2 trident of pain)
Okay, then.
Unknown command.
As you read the scroll labelled NUOZXA TOSUKHLUZOIH, it crumbles to dust.
Magic quickly surges around you.
It was a scroll of vulnerability.
The two-headed ogre hits you with a +0 dire flail!!
You die...

, , , , , , ,,,
, ..#.., * , , *
##+#..... , , ,
#........ ,
#...... ,
,,,,#######...>.
* ,, ..........#
,, ,
,.....o.gg.# , ,
,,,,
....{go♣g.#* , ,
, ###..oyDOo# ,
,.....yoyo.# , *
, ###..oyyy... ,
, , , ,
####....... , ,,
,* #......... ,
,, ,,,..§......$
, *
,,,.§§......# *
, , ,*


You could see a two-headed ogre (weak-willed), an acid dragon (catching breath,
weak-willed), a gnoll sergeant (weak-willed), 6 killer bees, 3 gnolls and 7
orcs.

Vanquished Creatures
  A steam dragon (D:7)
  Edmund (D:4)
  A water moccasin (D:7)
  Duvessa (D:7)
  An ice beast (D:5)
  A black bear (D:6)
  An orc warrior (D:7)
  An ogre (D:4)
  A phantom (D:6)
  A kobold brigand (D:7)
  A bullfrog (D:6)
  A gnoll sergeant (D:6)
  3 scorpions
  A wight (D:6)
  Dowan (D:7)
  4 hounds
  3 jellies
  4 orc priests
  2 iguanas
  Natasha (thrice) (D:4)
  An orc wizard (D:5)
  9 adders
  3 gnolls
  A shadow imp (D:6)
  A white imp (D:7)
  2 ufetubi (D:5)
  3 worms
  4 dart slugs
  16 orcs
  4 endoplasms
  4 giant cockroaches
  8 goblins
  3 hobgoblins
  8 jackals
  10 kobolds
  2 quokkas (D:1)
  5 ball pythons
  3 bats
  4 frilled lizards
  5 rats
129 creatures vanquished.

Vanquished Creatures (collateral kills)
  A dart slug (D:2)
  A jackal (D:3)
2 creatures vanquished.

Vanquished Creatures (others)
  An orc wizard (D:4)
  A fungus (D:6)
2 creatures vanquished.

Grand Total: 133 creatures vanquished

Notes
Turn   | Place    | Note
-------+----------+-------------------------------------------
     0 | D:1      | rabbitsville the Deep Dwarf Necromancer began the quest for
                  | the Orb.
     0 | D:1      | Reached XP level 1. HP: 15/15 MP: 3/3
   447 | D:1      | Reached XP level 2. HP: 20/22 MP: 3/5
   535 | D:1      | Found a faded altar of an unknown god.
   877 | D:1      | Reached skill level 5 in Necromancy
  1489 | D:2      | Reached XP level 3. HP: 23/28 MP: 3/6
  1822 | D:1      | Learned a level 3 spell: Vampiric Draining
  2156 | D:3      | Identified the +0 helmet of the Volcano {Str-4 Int+4
                  | Stlth+}
  2242 | D:3      | Found a glowing silver altar of Zin.
  2391 | D:3      | Reached XP level 4. HP: 27/36 MP: 3/7
  2584 | D:3      | Identified the +4 scale mail of Magic {Rampage Int+2 Dex-4}
  3116 | D:3      | Reached skill level 1 in Armour
  3116 | D:3      | Reached skill level 6 in Necromancy
  3314 | D:4      | Reached XP level 5. HP: 32/42 MP: 5/9
  3467 | D:4      | Noticed Edmund
  3568 | D:4      | Got the Volume of Cankerous Transmutation
  3608 | D:4      | Noticed an ogre
  3733 | D:4      | Noticed Natasha
  3743 | D:4      | Killed Natasha
  3778 | D:4      | Found a staircase to the Ecumenical Temple.
  3977 | D:4      | Noticed Natasha
  3982 | D:4      | Killed Natasha
  4124 | D:5      | Entered Level 5 of the Dungeon
  4129 | D:5      | Reached XP level 6. HP: 36/49 MP: 5/10
  4264 | D:4      | Noticed Natasha
  4269 | D:4      | Killed Natasha
  4397 | D:4      | Killed Edmund
  4398 | D:4      | Reached skill level 7 in Necromancy
  4640 | Temple   | Entered the Ecumenical Temple
  5023 | D:5      | Reached XP level 7. HP: 55/55 MP: 9/12
  5755 | D:5      | Reached skill level 8 in Necromancy
  5809 | D:5      | Reached skill level 1 in Conjurations
  6129 | D:6      | Upgraded the game from 0.29-a0-468-ge57f7f99b4 to
                  | 0.29-a0-474-gdfe5cd140f
  6374 | D:6      | Reached skill level 1 in Fire Magic
  6506 | D:6      | Reached XP level 8. HP: 62/62 MP: 4/13
  6831 | D:6      | Reached skill level 1 in Maces & Flails
  6976 | D:6      | Reached skill level 1 in Fighting
  6976 | D:6      | Reached skill level 9 in Necromancy
  7412 | D:7      | Reached skill level 1 in Polearms
  7533 | D:7      | Found a large runed translucent door.
  7533 | D:7      | Found a large runed translucent door.
  7692 | D:7      | Noticed Menkaure
  7918 | D:7      | Noticed Dowan
  8098 | D:7      | Noticed Duvessa
  8116 | D:7      | Killed Duvessa
  8126 | D:7      | Killed Dowan
  8127 | D:7      | Gained mutation: You passively map the area around you.
                  | [Deep Dwarf growth]
  8127 | D:7      | Reached XP level 9. HP: 44/74 MP: 0/14
  8586 | D:8      | Noticed a two-headed ogre
  8594 | D:8      | Mangled by a two-headed ogre

Illustrated notes

Levels and vault maps discovered:
D:1:      dpeg_arrival_signposts, layout_basic, ebering_ecumenical_altar_hall
D:2:      layout_loops_ring
D:3:      layout_loops_ring, zin_scriptorium
D:4:      layout_loops_ring, minmay_temple_entry_glass, uniq_natasha,
          uniq_edmund
D:5:      layout_loops_cross
D:6:      layout_cave_pools, serial_park, serial_park_gazebo
          [serial_park_minivault_5x5_2], serial_park_avenue1,
          serial_park_tiny_2, serial_park_square3 [serial_park_minivault_5x5_6]
D:7:      layout_basic, ebering_ghost_disaster_area, david_defended_altar_orc,
          uniq_menkaure, uniq_duvessa
D:8:      layout_basic, enter_bailey_2
Temple:   mainiacjoe_temple_bowtie_tessellation

Skill      XL: |  1  2  3  4  5  6  7  8  9 |
---------------+----------------------------+-----
Spellcasting   | 2 3 |  3.7
Necromancy     | 5 6 7 8 9 |  9.4
Armour         | 1 2 3 |  3.8
Conjurations   | 2 3 |  3.1
Fire Magic     | 1 3 |  3.5
Maces & Flails | 2 |  2.0
Fighting       | 2 |  2.5
Polearms       | 2 |  2.3
Dodging        | |  2.1
Stealth        | |  2.4

Action                   |  1- 3 |  4- 6 |  7- 9 || total
-------------------------+-------+-------+-------++-------
Melee: Mace              |     8 |    10 |    51 ||    69
       Trident           |       |       |    58 ||    58
       Punch             |       |       |     1 ||     1
 Cast: Necrotize         |    69 |    95 |   111 ||   275
       Vampiric Draining |     1 |    10 |    29 ||    40
 Abil: Heal Wounds       |       |       |     1 ||     1
  Use: Potion            |       |     3 |     6 ||     9
       Scroll            |       |     1 |     5 ||     6
 Stab: Distracted        |     1 |       |       ||     1
Armor: Robe              |     5 |       |       ||     5
       Scale mail        |       |    34 |   104 ||   138
       Skin              |       |       |    28 ||    28
Dodge: Dodged            |    13 |    12 |    74 ||    99
Block: Other             |       |     8 |    40 ||    48
       Reflection        |       |       |     1 ||     1

Table legend: (Time is in decaauts)
 A = Elapsed time spent in this place.
 B = Non-inter-level travel time spent in this place.
 C = Inter-level travel time spent in this place.
 D = Time resting spent in this place.
 E = Time spent auto-exploring this place.
 F = Levels seen in this place.
 G = Mean time per level.
                   A        B        C        D        E       F      G
               +--------+--------+--------+--------+--------+-----+--------+
         Total |   8641 |   8065 |    576 |    247 |   5696 |   9 |  960.1 |
       Dungeon |   8371 |   7832 |    539 |    247 |   5479 |   8 | 1046.4 |
        Temple |    270 |    233 |     37 |      0 |    217 |   1 |  270.0 |
               +--------+--------+--------+--------+--------+-----+--------+

Top non-repeatable levels by time:
     D:4: 1414 daAuts
     D:5: 1383 daAuts
     D:1: 1333 daAuts
     D:7: 1148 daAuts
     D:3: 1134 daAuts
     D:6: 1113 daAuts
     D:2: 834 daAuts
  Temple: 270 daAuts
     D:8: 9 daAuts
